 Dungeon Crawl Stone Soup version 0.30.0-29-ga12c61a403 (webtiles) character file.

Game seed: 9148902324143192317

9 LustLizard the Trooper (level 1, -1/18 HPs)
             Began as a Demigod Fighter on June 24, 2023.
             Slain by a gnoll
             ... wielding a +0 spear
              (3 damage)
             ... on level 1 of the Dungeon.
             The game lasted 00:01:18 (1010 turns).

LustLizard the Trooper (Demigod Fighter)            Turns: 1010, Time: 00:01:19

Health: -1/18      AC:  8    Str: 17    XL:     1   Next: 86%
Magic:  3/3        EV:  7    Int: 10    God:
Gold:   74         SH:  4    Dex: 13    Spells: 0/0 levels left

rFire   . . .        e - +0 short sword
rCold   . . .        b - +0 buckler
rNeg    . . .        g - +0 chain mail
rPois   .            (no helmet)
rElec   .            (no cloak)
rCorr   .            (no gloves)
SInv    .            (no boots)
Will    .....        (no amulet) Stlth
                     (no ring)
HPRegen 0.23/turn    (no ring)
MPRegen 0.08/turn

%: no passive effects
@: no status effects
A: high MP 1, forlorn, divine attributes
a: no special abilities


You were on level 1 of the Dungeon.
You visited 1 branch of the dungeon, and saw 2 of its levels.

You collected 74 gold pieces.

Inventory:

Hand Weapons
 e - a +0 short sword (weapon)
Armour
 a - a +0 scale mail
 b - a +0 buckler (worn)
 g - a +0 chain mail (worn)
Scrolls
 f - a scroll of blinking {unknown}
 h - a scroll of enchant armour {unknown}
 i - a scroll of identify {unknown}
 j - a scroll of poison {unknown}
Potions
 c - a potion of might
 d - 2 potions of curing {unknown}


   Skills:
 + Level 2.8 Fighting
 - Level 2.6 Armour
 + Level 2.8 Shields
 * Level 2.2 Unarmed Combat


You couldn't memorise any spells.
You didn't know any spells.
Your spell library contained the following spells:

 Spells                   Type           Power      Damage    Failure   Level
 Inner Flame              Hex/Fire       0%         N/A       100%        3
 Yara's Violent Unravell  Hex/Tmut       0%         3d3       100%        5
 Enfeeble                 Hex            0%         N/A       100%        7


Dungeon Overview and Level Annotations

Branches:
Dungeon (2/15)


Innate Abilities, Weirdness & Mutations

You have an increased reservoir of magic. (+10% MP)
You shall have no god before yourself.
Your divine heritage dramatically boosts your attributes as you level up.


Message History

There is a stone staircase leading down here.
You climb downwards.
Found a fizzy coppery potion.
There is a stone staircase leading up here.
A frilled lizard, 3 gnolls and a hobgoblin come into view.
The gnoll shouts! x2; The hobgoblin shouts!
You hear a shout!
There are monsters nearby!
There is a stone staircase leading up here.
Found an encrusted agate ring.
The frilled lizard barely misses you. You block the gnoll's attack.
There is a stone staircase leading up here.
The gnoll hits you with a +0 spear. The frilled lizard barely misses you.
You climb upwards.
There is a stone staircase leading down here.
You hit the gnoll but do no damage. You block the gnoll's attack.
The frilled lizard barely misses you.
You closely miss the gnoll. The gnoll hits you with a +0 spear.
You block the frilled lizard's attack.
You completely miss the gnoll. You block the gnoll's attack.
The frilled lizard bites you but does no damage.
e - a +0 short sword (weapon)
You hit the gnoll.
The gnoll is lightly wounded.
You block the gnoll's attack. The frilled lizard barely misses you.
You hit the gnoll.
The gnoll is moderately wounded.
You block the gnoll's attack.
The frilled lizard bites you but does no damage.
You closely miss the gnoll.
The gnoll is moderately wounded.
The gnoll hits you with a +0 spear.
The frilled lizard bites you but does no damage.
You closely miss the gnoll.
The gnoll is moderately wounded.
The gnoll hits you with a +0 spear.
* * * LOW HITPOINT WARNING * * *
The frilled lizard bites you.
* * * LOW HITPOINT WARNING * * *
The gnoll hits you with a +0 spear.
You die...

##....# #.# #.# ##
#.....##### #.# #.###.
#.........# #.# #.##.#
#.....###.# #.# #.#...
##..÷.# #.# #.# #.#.## ###
#.##.# #.# ### ###'## ##.##
#.##.# #.# #...#
##...####.##.###.#### #...#
#.........##g@l.....# ###...#
##...###########.#### #<.....
##.#.............######......
#.#.###########..##.........
#...# ##..'......⌠.. #..##
####......... #..# ####......
#..# #...... #..# ###...#


You could see a gnoll and a frilled lizard.

Vanquished Creatures
  3 endoplasms (D:1)
  A goblin (D:1)
  2 ball pythons (D:1)
  A frilled lizard (D:1)
  A rat (D:1)
8 creatures vanquished.

Notes
Turn   | Place    | Note
-------+----------+-------------------------------------------
     0 | D:1      | LustLizard the Demigod Fighter began the quest for the Orb.
     0 | D:1      | Reached XP level 1. HP: 18/18 MP: 3/3
  1010 | D:1      | Slain by a gnoll

Illustrated notes

Levels and vault maps discovered:
D:1:      minmay_arrival_cross, layout_loops_ring, minmay_splitting_lines,
          serial_bayou_pond_e
D:2:      layout_basic, dreamdust_ecumenical_altar_statues, uniq_terence

Skill      XL: |  1 |
---------------+----+-----
Unarmed Combat | 2 |  2.2
Fighting       | |  2.8
Armour         | |  2.6
Shields        | |  2.8

Action                     || total
---------------------------++-------
  Melee: Unarmed           ||    33
         Short sword       ||    24
 Armour: Chain mail        ||    16
         Scale mail        ||     4
  Dodge: Dodged            ||    15
  Block: Buckler           ||    17
